 Dungeon Crawl Stone Soup version 0.22-a0-367-gb72a975 (webtiles) character file.

34640 Amnesiac the Reanimator (level 13, -4/96 HPs)
             Began as a Mummy Wizard on Apr 22, 2018.
             Was a Priest of Sif Muna.
             Killed from afar by a rakshasa (30 damage)
             ... with an orb of energy
             ... on level 14 of the Dungeon.
             The game lasted 00:45:38 (18809 turns).

Amnesiac the Reanimator (Mummy Wizard)             Turns: 18809, Time: 00:45:39

Health: -4/96      AC: 14    Str: 11    XL:     13   Next: 43%
Magic:  0/40       EV: 15    Int: 27    God:    Sif Muna [***...]
Gold:   768        SH:  4    Dex: 10    Spells: 2/38 levels left

rFire    . . .     SeeInvis .   a - +1 spear (pain)
rCold    + + .     Gourm    .   q - +0 buckler
rNeg     + + +     Faith    .   s - +1 leather armour {rF+}
rPois    ∞         Spirit   +   n - +3 hat of Pondering {ponderous, MR+ MP+10 Int+5}
rElec    .         Reflect  .   (no cloak)
rCorr    .         Harm     .   i - +0 pair of gloves
MR       ++...                  r - +1 pair of boots
Stlth    +.........             d - amulet of guardian spirit
HPRegen  0.26/turn              l - ring of protection from cold
MPRegen  0.27/turn              o - +4 ring of protection

@: about to teleport, divine energy, slow
A: no food or potions, fire vulnerability, cold resistance 1, negative energy
resistance 3, torment resistance, unbreathing, in touch with death 1
a: Stop Divine Energy, Channel Magic, Renounce Religion


You were on level 14 of the Dungeon.
You worshipped Sif Muna.
Sif Muna was most pleased with you.
You were not hungry.

You visited 3 branches of the dungeon, and saw 17 of its levels.

You collected 889 gold pieces.
You spent 121 gold pieces at shops.

Inventory:

Hand Weapons
 a - a +1 spear of pain (weapon)
 b - a +1 scimitar of flaming
Armour
 i - a +0 pair of gloves (worn)
 n - the +3 hat of Pondering (worn) {ponderous, MR+ MP+10 Int+5}
   (You found it on level 10 of the Dungeon)

   It affects your intelligence (+5).
   It affects your resistance to hostile enchantments.
   It affects your magic capacity (+10).
 q - a +0 buckler (worn)
 r - a +1 pair of boots (worn)
 s - a +1 leather armour of fire resistance (worn)
Magical Staves
 w - an uncursed staff of wizardry
Jewellery
 d - an amulet of guardian spirit (around neck)
 l - a ring of protection from cold (left hand)
 o - a +4 ring of protection (right hand)
 v - an uncursed amulet of the gourmand {unknown}
Wands
 c - a wand of digging (18)
 f - a wand of flame (47)
 t - a wand of disintegration (20)
 x - a wand of iceblast (20)
Scrolls
 e - 8 scrolls of remove curse {!r}
 g - 2 scrolls of amnesia {!r}
 h - 2 scrolls of teleportation {!r}
 j - 8 scrolls of identify {!r}
 k - 3 scrolls of fog {!r}
 m - 4 scrolls of enchant armour {!r}
 p - 2 scrolls of silence {!r}
 u - a scroll of acquirement {!r}
 y - a scroll of enchant weapon {!r}


   Skills:
 - Level 7.0 Fighting
 - Level 9.0 Dodging
 - Level 1.5 Stealth
 - Level 4.5 Shields
 + Level 13.0 Spellcasting
 - Level 0.7 Conjurations
 - Level 0.7 Summonings
 * Level 14.9 Necromancy
 - Level 0.7 Translocations


You had 2 spell levels left.
You knew the following spells:

 Your Spells              Type           Power        Failure   Level  Hunger
a - Agony                 Necr           #######.     1%          5    N/A
b - Call Imp              Summ           ###.....     4%          2    N/A
c - Dispel Undead         Necr           #######.     1%          5    N/A
d - Vampiric Draining     Necr           #######...   1%          3    N/A
e - Mephitic Cloud        Conj/Pois/Air  ###.....     11%         3    N/A
f - Borgnjor's Vile Clut  Necr/Erth      ######....   5%          5    N/A
g - Infestation           Necr           #######...   52%         8    N/A
s - Conjure Flame         Conj/Fire      ###.....     11%         3    N/A
v - Blink                 Tloc           N/A          4%          2    N/A

Dungeon Overview and Level Annotations

Branches:
Dungeon (15/15)            Temple (1/1) D:4            Lair (1/6) D:8
    Orc (0/2) D:10         Vaults (0/5) D:13
 Depths: D:15

Altars:
Ashenzari
Cheibriados
Dithmenos
Elyvilon
Fedhas
Gozag
Hepliaklqana
Kikubaaqudgha
Makhleb
Nemelex Xobeh
Okawaru
Qazlal
Ru
Sif Muna
Trog
Uskayaw
Vehumet
Wu Jian
Xom
Yredelemnul
Zin
The Shining One

Shops:
D:5 (   D:7 :   D:12 [

Annotations:
D:14 exclusion: rakshasa


Innate Abilities, Weirdness & Mutations

You do not eat or drink.
Your flesh is vulnerable to fire.
You are immune to poison.
Your flesh is cold resistant. (rC+)
You are immune to negative energy. (rN+++)
You are immune to unholy pain and torment.
You can survive without breathing.
You are in touch with the powers of death.


Message History

Something hits you. Something barely misses you. Something hits you.
Something barely misses you.
You miss something. Something hits you. Something hits you but does no damage.
Something hits you! Something hits you but does no damage.
You hit something but do no damage. You block something's attack.
You block something's attack. Something hits you.
You barely miss something. Something hits you. Something barely misses you.
Something hits you.
* * * LOW HITPOINT WARNING * * *
Something closely misses you. Something hits you.
* * * LOW HITPOINT WARNING * * *
Attack whom?
Press: ? - help, Dir - move target cursor You barely miss something.
Something hits you but does no damage.
Casting: Agony (safe; 1% risk of failure)
Confirm with . or Enter, or press ? or * to list all spells.
Aiming: Agony (safe; 1% risk of failure)
Press: ? - help, Shift-Dir - straight line You feel a surge of power!
Nothing appears to happen.
Something hits you!
* * * LOW HITPOINT WARNING * * *
Something hits you!
* * * LOW HITPOINT WARNING * * *
You closely miss something. Something hits you but does no damage.
Something hits you.
* * * LOW HITPOINT WARNING * * *
Something hits you but does no damage.
You miss something. Something barely misses you. Something hits you.
You hit something but do no damage. You block something's attack.
Something hits you.
* * * LOW HITPOINT WARNING * * *
Casting: Agony (safe; 1% risk of failure)
Confirm with . or Enter, or press ? or * to list all spells.
Aiming: Mephitic Cloud (safe; 11% risk of failure)
Press: ? - help, Shift-Dir - straight line The ball explodes into a vile cloud!
The stinking cloud engulfs something.
The stinking cloud engulfs you!
You hear a roar!
You hear a shout! x2
Something hits you but does no damage.
You hit something but do no damage.
Something hits you but does no damage. x2
Attack whom?
Press: ? - help, Dir - move target cursor You reach to attack!
You attack empty space.
You start resting.
Something barely misses the four-headed hydra.
Something hits the four-headed hydra!
Something hits the four-headed hydra.
Something hits the four-headed hydra. x2
You see here a mace.
You see here a large rock.
The rakshasa blinks!
A scorpion and a deep elf mage come into view.
The deep elf mage shouts!
Something hits the four-headed hydra!
The deep elf mage drinks a potion.
The deep elf mage suddenly seems more agile.
Really read
h - 3 scrolls of teleportation {!r}?
As you read the scroll of teleportation {!r}, it crumbles to dust.
You feel strangely unstable. The rakshasa gestures at you.
The orb of energy hits you!
* * * LOW HITPOINT WARNING * * *
The rakshasa gestures at you. The orb of energy hits you!
You die...

..... #.#.# ......
#.#.#
.......##.#.#
.........#.# #
.###.s#..#.# ##.
..##....#.# #
..###..##R..#.#
##.#.....#.##..#.#
...##.##.([#.@#.#
#.#.!.#.#)#..#.#
#...⌠)..##...#.# #
#.#...#.#.#†D#.#
#...##.##...#..#.#
#....e#.##.(#.#
#..###..##...#.#
##. #..##....#.# #
#l###..#)##.#


You could see a four-headed hydra, a rakshasa, a deep elf mage and a scorpion.

Vanquished Creatures
  A yaktaur captain (D:13)
  A catoblepas (D:13)
  3 centaur warriors
  5 two-headed ogres
  A tengu warrior (D:11)
  3 unseen horrors
  Pikel (D:6)
  A wolf spider zombie (D:14)
  2 ugly thing zombies (D:15)
  7 ugly things
  2 cyclopes
  A deep elf mage (D:13)
  2 manticores
  The ghost of Arum the Chopper, a novice MiGl of Makhleb (D:8)
  2 gargoyles (D:14)
  A freezing wraith (D:14)
  An efreet (D:15)
  2 yaktaurs (D:13)
  A catoblepas skeleton (D:13)
  7 trolls
  A hornet (D:10)
  4 slime creatures (D:12)
  6 hippogriffs
  27 yaks
  A spriggan (D:8)
  A wraith (D:11)
  A shadow (D:14)
  3 basilisks
  A steam dragon (D:12)
  2 hungry ghosts
  A wyvern (D:12)
  3 vampire mosquitoes (D:13)
  6 orc warriors
  2 water moccasins
  2 eyes of draining
  An ogre skeleton (D:13)
  2 black bears
  A hornet zombie (D:9)
  2 ice beasts
  A phantom (D:5)
  3 sky beasts
  A slave (D:6)
  A black bear (shapeshifter) (D:14)
  11 ogres
  An elf zombie (D:13)
  A crocodile (D:6)
  24 centaurs
  A komodo dragon zombie (D:15)
  6 bullfrogs
  4 big kobolds
  A gnoll sergeant (D:8)
  4 wyvern skeletons
  A wyvern zombie (D:8)
  4 scorpions
  17 killer bees
  3 wights (D:6)
  2 troll zombies (D:13)
  2 howler monkeys (D:11)
  3 crimson imps
  4 centaur zombies
  A bullfrog zombie (D:5)
  2 quasits
  A basilisk zombie (D:13)
  12 orc priests
  5 jellies
  4 centaur skeletons
  11 hounds
  13 orc wizards
  2 bullfrog skeletons
  3 iguanas
  10 worker ants
  A hound zombie (D:11)
  A hound skeleton (D:5)
  A worker ant zombie (D:6)
  13 adders
  6 gnolls
  A shadow imp (D:10)
  4 oozes
  An adder skeleton (D:8)
  A worm (D:3)
  A dart slug (D:3)
  11 leopard geckos
  71 orcs
  4 giant cockroaches
  7 goblins
  4 hobgoblins
  8 jackals
  18 kobolds
  3 quokkas
  2 ball pythons
  5 bats (D:3)
  9 frilled lizards
  A giant cockroach zombie (D:15)
  A goblin skeleton (D:9)
  7 hobgoblin zombies (D:9)
  3 kobold skeletons (D:9)
  A kobold zombie (D:15)
  2 orc skeletons
  6 orc zombies
  A quokka skeleton (D:4)
  7 rats
  A butterfly (D:4)
473 creatures vanquished.

Vanquished Creatures (collateral kills)
  Grinder (D:3)
  A black bear (D:10)
  2 phantoms
  2 scorpions
  A wight (D:6)
  2 crimson imps
  An orc priest (D:3)
  An adder (D:2)
  2 worms (D:2)
  A leopard gecko (D:2)
  3 orcs
  A bat (D:2)
  A hobgoblin (D:2)
  A quokka (D:2)
  A frilled lizard (D:2)
21 creatures vanquished.

Vanquished Creatures (others)
  An ogre (D:7)
  A worker ant (D:13)
2 creatures vanquished.

Grand Total: 496 creatures vanquished

Notes
Turn   | Place    | Note
-------+----------+-------------------------------------------
     0 | D:1      | Amnesiac the Mummy Wizard began the quest for the Orb.
     0 | D:1      | Reached XP level 1. HP: 13/13 MP: 5/5
   408 | D:1      | Reached XP level 2. HP: 18/20 MP: 5/7
   421 | D:1      | Learned a level 2 spell: Call Imp
   516 | D:2      | Reached skill level 1 in Fighting
   807 | D:2      | Reached XP level 3. HP: 20/26 MP: 1/8
   812 | D:2      | Learned a level 3 spell: Conjure Flame
   816 | D:2      | Learned a level 3 spell: Mephitic Cloud
  1417 | D:3      | Noticed Grinder
  1684 | D:3      | Found an ornate altar of the Wu Jian Council.
  1732 | D:4      | Noticed a scorpion
  1745 | D:4      | Killed a scorpion
  1745 | D:4      | Reached XP level 4. HP: 15/33 MP: 7/10
  1940 | D:5      | Entered Level 5 of the Dungeon
  1947 | D:4      | Found a staircase to the Ecumenical Temple.
  1954 | Temple   | Entered the Ecumenical Temple
  2019 | Temple   | Became a worshipper of Kikubaaqudgha
  2475 | D:3      | Reached XP level 5. HP: 35/39 MP: 11/11
  2689 | D:3      | Learned a level 2 spell: Blink
  2689 | D:3      | Killed Grinder
  2689 | D:3      | Reached skill level 1 in Necromancy
  2689 | D:3      | Reached XP level 6. HP: 14/47 MP: 3/12
  3072 | D:3      | Reached * piety under Kikubaaqudgha
  3072 | D:3      | Identified Kikubaaqudgha's Reference Book on Darkness (Kikubaaqudgha gifted it to you on level 3 of the Dungeon)
  3072 | D:3      | Received a gift from Kikubaaqudgha
  3112 | D:3      | Found an iron altar of Okawaru.
  3167 | D:3      | Reached skill level 2 in Necromancy
  3825 | D:4      | HP: 2/47 [phantom (5)]
  3944 | D:4      | Found a hide-covered altar of Uskayaw.
  4191 | D:5      | Reached XP level 7. HP: 47/53 MP: 9/13
  4244 | D:5      | Reached skill level 5 in Dodging
  4372 | D:5      | Reached skill level 3 in Necromancy
  4677 | D:5      | Found Mefop's Weapon Shoppe.
  4808 | D:5      | Reached XP level 8. HP: 38/61 MP: 8/14
  4995 | D:6      | Reached ** piety under Kikubaaqudgha
  5214 | D:6      | Reached skill level 4 in Necromancy
  5227 | D:6      | Reached skill level 5 in Fighting
  5774 | D:6      | Noticed Pikel
  6528 | D:6      | You fall through a shaft for 2 floors!
  6528 | D:8      | Noticed a two-headed ogre
  6529 | D:8      | Noticed a hippogriff
  6737 | D:7      | Found a basalt altar of Yredelemnul.
  6762 | D:7      | Noticed a hippogriff
  6782 | D:6      | Killed a hippogriff
  6919 | D:6      | Reached XP level 9. HP: 68/69 MP: 15/15
  7023 | D:6      | Killed Pikel
  7377 | D:7      | Reached *** piety under Kikubaaqudgha
  7377 | D:7      | Identified Kikubaaqudgha's Catalogue of Necromancy (Kikubaaqudgha gifted it to you on level 7 of the Dungeon)
  7377 | D:7      | Received a gift from Kikubaaqudgha
  7385 | D:7      | Learned a level 5 spell: Dispel Undead
  7751 | D:7      | Found Butz's Book Shop.
  7864 | D:8      | Noticed Arum's ghost (novice MiGl)
  8051 | D:7      | Reached skill level 5 in Necromancy
  8210 | D:8      | Reached skill level 5 in Spellcasting
  8252 | D:8      | Noticed a two-headed ogre
  8491 | D:7      | Reached skill level 6 in Necromancy
  8491 | D:7      | Reached XP level 10. HP: 60/79 MP: 8/18
  9073 | D:8      | Found a staircase to the Lair.
  9139 | D:8      | Killed a two-headed ogre
  9139 | D:8      | Reached **** piety under Kikubaaqudgha
  9139 | D:8      | Reached skill level 7 in Necromancy
  9146 | D:8      | Killed a two-headed ogre
  9190 | D:8      | Found a basalt altar of Yredelemnul.
  9195 | D:8      | Found a shadowy altar of Dithmenos.
  9240 | D:8      | Found a sacrificial altar of Ru.
  9240 | D:8      | Found a radiant altar of Vehumet.
  9244 | D:8      | Found a burning altar of Makhleb.
  9358 | D:8      | Reached skill level 1 in Shields
  9358 | D:8      | Reached skill level 8 in Necromancy
  9435 | D:8      | Killed Arum's ghost
  9453 | Lair:1   | Entered Level 1 of the Lair of Beasts
  9679 | D:8      | Learned a level 5 spell: Agony
  9709 | D:9      | Noticed a two-headed ogre
  9741 | D:9      | Killed a two-headed ogre
  9977 | D:8      | Reached XP level 11. HP: 27/84 MP: 5/22
 10669 | D:9      | Found a hazy altar of Hepliaklqana.
 10679 | D:9      | Reached skill level 9 in Necromancy
 10727 | D:9      | Learned a level 5 spell: Borgnjor's Vile Clutch
 10789 | D:9      | Found a glowing golden altar of the Shining One.
 10844 | D:9      | Reached ***** piety under Kikubaaqudgha
 11113 | D:10     | Entered Level 10 of the Dungeon
 11343 | D:10     | Found a shattered altar of Ashenzari.
 11522 | D:10     | Found the +3 hat of Pondering {ponderous, MR+ MP+10 Int+5}
 11906 | D:10     | Noticed a two-headed ogre
 11925 | D:10     | Killed a two-headed ogre
 12058 | D:10     | Found a staircase to the Orcish Mines.
 12363 | D:11     | Identified a scroll of acquirement {!r}
 12400 | D:11     | Noticed a two-headed ogre
 12456 | D:11     | Killed a two-headed ogre
 12456 | D:11     | Reached skill level 10 in Necromancy
 12640 | D:11     | Noticed a centaur warrior
 12646 | D:11     | Noticed a tengu warrior
 12678 | D:11     | Killed a tengu warrior
 12706 | D:11     | Killed a centaur warrior
 13147 | D:11     | Reached skill level 11 in Necromancy
 13437 | D:11     | Killed an unseen horror
 13463 | D:11     | Reached skill level 10 in Spellcasting
 13494 | D:11     | Reached XP level 12. HP: 39/91 MP: 5/26
 14016 | D:12     | Reached skill level 12 in Necromancy
 14018 | D:12     | HP: 4/91 [centaur (5)]
 14827 | D:12     | Learned a level 3 spell: Vampiric Draining
 15145 | D:12     | Reached ****** piety under Kikubaaqudgha
 15148 | D:12     | Received a gift from Kikubaaqudgha
 15380 | D:12     | Found Ixzaun's Antique Armour Shoppe.
 15383 | D:12     | Bought a pair of gloves for 121 gold pieces
 15431 | D:12     | Fell from the grace of Kikubaaqudgha
 15615 | Temple   | Became a worshipper of Sif Muna the Loreminder
 15799 | D:13     | Noticed a centaur warrior
 15811 | D:13     | Killed a centaur warrior
 15842 | D:13     | You fall through a shaft for 2 floors!
 15842 | D:15     | Entered Level 15 of the Dungeon
 15858 | D:15     | Reached skill level 13 in Necromancy
 15891 | D:15     | Reached * piety under Sif Muna
 16581 | D:14     | Noticed a rakshasa
 16595 | D:14     | Noticed a two-headed ogre
 16765 | D:13     | Noticed a catoblepas
 16786 | D:13     | Killed a catoblepas
 17074 | D:13     | Found a gate to the Vaults.
 17182 | D:13     | Noticed a yaktaur captain
 17197 | D:13     | Killed a yaktaur captain
 17197 | D:13     | Reached skill level 14 in Necromancy
 17197 | D:13     | Gained mutation: You are in touch with the powers of death. [Mummy growth]
 17197 | D:13     | Reached XP level 13. HP: 54/96 MP: 16/29
 17229 | D:13     | Reached ** piety under Sif Muna
 18271 | D:13     | Got a twisted short sword {vamp}
 18272 | D:13     | Identified the cursed +3 short sword "Gatathre" {vamp, rPois Str+6 Int-3} (You took it off an orc on level 13 of the Dungeon)
 18332 | D:13     | Learned a level 8 spell: Infestation
 18398 | D:14     | Reached *** piety under Sif Muna
 18809 | D:14     | Killed from afar by a rakshasa

Vault maps used:
D:1:      dpeg_arrival_round_c
D:3:      lemuel_round_altar, kennysheep_okawaru_gauntlet, first_ration,
          uniq_grinder
D:4:      kennysheep_little_box, minmay_temple_entry_butterflies
D:5:      serial_shops, shop
D:6:      uniq_pikel
D:7:      serial_shops, kennysheep_mini, basic_altar
D:8:      minitemple, lair_entry_dummy, grunt_pizzeria
D:9:      nicolae_overflow_crystal_walls, nicolae_tso_besieged_by_evil
D:10:     hiddenorc1_lemuel, basic_altar
D:11:     lightli_orcish_oven
D:12:     serial_shops, kennysheep_mini_moat
D:13:     david_vaults_2, enter_bailey_2
D:14:     minmay_the_grid_octo_2x2, spider_trap
D:15:     gammafunk_enter_depths_forms
Temple:   dshaligram_water_room_temple
Lair:1:   nicolae_lair_grove_arrangements, nicolae_quartered_pool_little,
          st_stairs_10

Skill      XL: |  1  2  3  4  5  6  7  8  9 10 11 12 13 |
---------------+----------------------------------------+-----
Dodging        | 2 3 4 5 7 9 |  9.0
Fighting       | 1 2 3 4 6 7 |  7.0
Necromancy     | 1 2 3 4 6 8 11 14 | 14.9
Spellcasting   | 5 7 10 12 13 | 13.0
Shields        | 4 |  4.5
Stealth        | |  1.5
Conjurations   | |  0.7
Summonings     | |  0.7
Translocations | |  0.7

Action                   |  1- 3 |  4- 6 |  7- 9 | 10-12 | 13-15 || total
-------------------------+-------+-------+-------+-------+-------++-------
Melee: Unarmed           |    10 |       |       |       |       ||    10
       Short sword       |    27 |       |       |       |       ||    27
       Mace              |    30 |   111 |   150 |       |       ||   291
       Spear             |       |       |   185 |  1152 |   163 ||  1500
 Fire: Shortbow          |       |       |   134 |       |       ||   134
 Cast: Magic Dart        |    21 |    14 |     2 |       |       ||    37
       Call Imp          |    19 |    12 |    10 |    13 |       ||    54
       Conjure Flame     |       |     2 |     8 |    20 |       ||    30
       Mephitic Cloud    |       |     5 |    31 |    36 |     1 ||    73
       Dispel Undead     |       |       |     4 |    21 |    17 ||    42
       Blink             |       |       |     3 |     4 |     2 ||     9
       Agony             |       |       |       |    35 |    33 ||    68
       Borgnjor's Vile C |       |       |       |    14 |     7 ||    21
       Vampiric Draining |       |       |       |     1 |     4 ||     5
Invok: Receive Necronomi |       |       |       |     1 |       ||     1
       Divine Energy     |       |       |       |     1 |       ||     1
       Renounce Religion |       |       |       |     1 |       ||     1
Evoke: Wand              |       |     1 |       |     2 |       ||     3
  Use: Scroll            |     1 |     5 |     3 |    10 |     2 ||    21
 Stab: Sleeping          |     2 |     1 |     2 |       |       ||     5
       Confused          |       |     2 |     7 |    16 |       ||    25
       Petrified         |       |       |       |     4 |       ||     4
Armor: Robe              |    24 |    27 |    66 |    68 |       ||   185
       Leather armour    |       |       |       |   392 |    81 ||   473
Dodge: Dodged            |    84 |    94 |   359 |   839 |   150 ||  1526
Block: Buckler           |       |       |       |   227 |    41 ||   268

Table legend:
 A = Spawn XP
 B = Non-spawn XP
 C = Spawn XP percentage of total XP
 D = Spawn monster count
 E = Non-spawn monster count
 F = Spawn count percentage of total count
 G = Total turns spent on level
                    A         B        C        D         E        F      G
               +---------+---------+-------+---------+---------+-------+---------
         Total |       0 |   49487 |   0.0 |       0 |     477 |   0.0 | 18809
               +---------+---------+-------+---------+---------+-------+---------
           D:1 |       0 |      31 |   0.0 |       0 |      13 |   0.0 |   778
           D:2 |       0 |      64 |   0.0 |       0 |      22 |   0.0 |  1253
           D:3 |       0 |     388 |   0.0 |       0 |      39 |   0.0 |  1385
           D:4 |       0 |     204 |   0.0 |       0 |       6 |   0.0 |   870
           D:5 |       0 |     772 |   0.0 |       0 |      15 |   0.0 |  1123
           D:6 |       0 |    2511 |   0.0 |       0 |      44 |   0.0 |  1729
           D:7 |       0 |    1754 |   0.0 |       0 |      43 |   0.0 |  1595
           D:8 |       0 |    3429 |   0.0 |       0 |      30 |   0.0 |  1269
           D:9 |       0 |    3319 |   0.0 |       0 |      52 |   0.0 |  1224
          D:10 |       0 |    2368 |   0.0 |       0 |      30 |   0.0 |  1236
          D:11 |       0 |    8637 |   0.0 |       0 |      63 |   0.0 |  2321
          D:12 |       0 |    5210 |   0.0 |       0 |      36 |   0.0 |   951
          D:13 |       0 |   10800 |   0.0 |       0 |      51 |   0.0 |  1610
          D:14 |       0 |    5261 |   0.0 |       0 |      18 |   0.0 |   636
          D:15 |       0 |    4739 |   0.0 |       0 |      15 |   0.0 |   729
               +---------+---------+-------+---------+---------+-------+---------
